 Dungeon Crawl Stone Soup version 0.32-a0-814-g0968bab981 (webtiles) character file.

Game seed: 13266227034472951152

1341 gimp the Destroyer (level 8, -6/52 HPs)
             Began as a Barachi Earth Elementalist on Mar 23, 2024.
             Was an Initiate of Vehumet.
             Shot with an arrow by a centaur (10 damage)
             ... on level 7 of the Dungeon.
             The game lasted 00:06:09 (5590 turns).

gimp the Destroyer (Barachi Earth Elementalist)     Turns: 5590, Time: 00:06:10

Health: -6/52      AC:  4    Str:  9    XL:     8   Next: 62%
Magic:  8/17       EV: 11    Int: 23    God:    Vehumet [......]
Gold:   275        SH:  0    Dex: 14    Spells: 12/19 levels left

rFire   . . .        b - staff of alchemy
rCold   . . .        (no shield)
rNeg    . . .        f - +0 robe
rPois   +            w - +1 helmet
rElec   .            (no cloak)
rCorr   .            (no gloves)
SInv    .            (no boots)
Will    +....        c - amulet of regeneration
Stlth   ++           m - ring of willpower
HPRegen 1.08/turn    o - +6 ring of intelligence
MPRegen 0.15/turn

%: no passive effects
@: slow
A: amphibious, slowness 1, strong legs 1, +LOS
a: Hop, Renounce Religion


You were on level 7 of the Dungeon.
You worshipped Vehumet.
Vehumet was noncommittal.
You visited 1 branch of the dungeon, and saw 7 of its levels.

You collected 275 gold pieces.

Inventory:

Hand Weapons
 C - a +0 dagger
Armour
 f - a +0 robe (worn)
 w - a +1 helmet (worn)
Magical Staves
 a - a staff of air
 b - a staff of alchemy (weapon)
Jewellery
 c - an amulet of regeneration (around neck)
 m - a ring of willpower (left hand)
 o - a +6 ring of intelligence (right hand)
 r - a ring of fire
Wands
 y - a wand of flame (13)
Scrolls
 i - 6 scrolls of identify {unknown}
 j - a scroll of amnesia {unknown}
 n - a scroll of blinking {unknown}
 p - a scroll of fog {unknown}
 s - a scroll of immolation {unknown}
 t - 2 scrolls of fear {unknown}
 u - a scroll of silence {unknown}
 x - 2 scrolls of teleportation {unknown}
 B - 3 scrolls of acquirement {unknown}
Potions
 d - a potion of mutation {unknown}
 e - a potion of brilliance {unknown}
 g - 3 potions of enlightenment {unknown}
 h - a potion of resistance {unknown}
 k - a potion of berserk rage {unknown}
 l - 6 potions of curing {unknown}
 q - a potion of might {unknown}
 v - a potion of cancellation {unknown}
 z - a potion of ambrosia {unknown}


   Skills:
 - Level 2.1 Dodging
 - Level 1.7 Stealth
 + Level 6.0 Spellcasting
 * Level 8.3 Conjurations
 - Level 5.0 Earth Magic


You had 12 spell levels left.
You knew the following spells:

 Your Spells              Type           Power      Damage    Failure   Level
a - Stone Arrow           Conj/Erth      74%        3d11      1%          3
b - Sandblast             Erth           58%        2d13      1%          1
c - Mephitic Cloud        Conj/Alch/Air  29%        N/A       9%          3

Your spell library contained the following spells:

 Spells                   Type           Power      Damage    Failure   Level
 Passwall                 Erth           29%        N/A       3%          3
 Brom's Barrelling Bould  Conj/Erth      37%        2d6       5%          4
 Lesser Beckoning         Tloc           12%        N/A       13%         2
 Mercury Vapours          Alch/Air       20%        N/A       13%         2
 Flame Wave               Conj/Fire      26%        2d8       16%         4
 Gell's Gravitas          Tloc           6%         N/A       26%         3
 Inner Flame              Hex/Fire       6%         N/A       26%         3
 Teleport Other           Tloc           6%         N/A       26%         3
 Petrify                  Alch/Erth      27%        N/A       30%         4
 Freezing Cloud           Conj/Ice/Air   9%         6-21      58%         5
 Sticky Flame             Fire/Alch      10%        2d5       63%         4


Dungeon Overview and Level Annotations

Branches:
Dungeon (7/15)
 Temple: D:4-7

Altars:
Hepliaklqana
Kikubaaqudgha
Ru
Vehumet
Xom

Shops:
D:2 (   D:5 [


Innate Abilities, Weirdness & Mutations

You are amphibious.
You cover ground slowly.
You can hop short distances.
You have an extended range of vision and can be seen from far away.


Message History

You see here 5 stones.
You see here a +0 ring mail.
Found a plate armour.
Menkaure, Prince of Dust comes into view.
Found a scale mail.
Menkaure is nearby!
Found a scroll labelled WEKIGI UXZO.
Menkaure shouts!
Menkaure calls on the powers of darkness!
Your body is wracked with pain!
You take 25 damage, and have 27/52 hp.
MASSIVE DAMAGE!!
Casting: Stone Arrow (safe; 1% risk of failure)
Confirm with . or Enter, or press ? or * to list all spells.
You can't see any susceptible monsters within range! (Use Z to cast anyway.)
Casting: Stone Arrow (safe; 1% risk of failure)
Confirm with . or Enter, or press ? or * to list all spells.
You can't see any susceptible monsters within range! (Use Z to cast anyway.)
Casting: Stone Arrow (safe; 1% risk of failure)
Confirm with . or Enter, or press ? or * to list all spells.
Aiming: Stone Arrow (safe; 1% risk of failure)
Press: ? - help, Shift-Dir - straight line, f - Menkaure
Aim: Menkaure (88% to hit)
The stone arrow hits Menkaure!
Menkaure is moderately damaged.
You now have 13/16 mp.
Casting: Stone Arrow (safe; 1% risk of failure)
Confirm with . or Enter, or press ? or * to list all spells.
Aiming: Stone Arrow (safe; 1% risk of failure)
Press: ? - help, Shift-Dir - straight line, f/p - Menkaure
Aim: Menkaure (moderately damaged, 88% to hit)
The stone arrow hits Menkaure!
Menkaure is almost destroyed.
Menkaure casts a spell at you. Pain shoots through your body!
You take 13 damage, and have 16/52 hp.
MASSIVE DAMAGE!!
You now have 10/16 mp.
Casting: Stone Arrow (safe; 1% risk of failure)
Confirm with . or Enter, or press ? or * to list all spells.
Aiming: Stone Arrow (safe; 1% risk of failure)
Press: ? - help, Shift-Dir - straight line, f/p - Menkaure
Aim: Menkaure (almost destroyed, 88% to hit)
The stone arrow hits Menkaure!!
You destroy Menkaure!
Vehumet accepts your kill.
Your Spellcasting skill increases to level 6!
You regained 2 hp, and now have 18/52 hp.
You now have 7/17 mp.
x - 2 scrolls labelled HACAETYAFU (gained 1)
i - 6 scrolls labelled WEKIGI UXZO (gained 1)
There is a stone staircase leading down here.
You see here a +0 mace.
Found a stone staircase leading up.
Health restored: 52; MP restored: 17 Done exploring.
Done exploring.
There is a stone staircase leading down here.
You climb downwards.
Found a wand of flame (30), a white potion and a leather armour.
Found a stone staircase leading down.
There is a stone staircase leading up here.
A centaur comes into view.
The centaur shouts!
The centaur wields a +0 orcbow.
The centaur shoots an arrow.
The arrow barely misses you.
The centaur shoots an arrow.
The arrow hits you.
You take 4 damage, and have 48/52 hp.
The centaur shoots an arrow.
The arrow hits you!
The centaur shoots an arrow.
The arrow hits you!
You take 18 damage, and have 30/52 hp.
MASSIVE DAMAGE!!
Casting: Stone Arrow (safe; 1% risk of failure)
Confirm with . or Enter, or press ? or * to list all spells.
You can't see any susceptible monsters within range! (Use Z to cast anyway.)
The centaur shoots an arrow.
The arrow hits you!
You take 9 damage, and have 21/52 hp.
Casting: Stone Arrow (safe; 1% risk of failure)
Confirm with . or Enter, or press ? or * to list all spells.
Aiming: Stone Arrow (safe; 1% risk of failure)
Press: ? - help, Shift-Dir - straight line, f - centaur
Aim: a centaur, wielding a +0 orcbow (84% to hit)
The stone arrow hits the centaur!!
The centaur is almost dead.
The centaur shoots an arrow.
The arrow hits you!
* * * LOW HITPOINT WARNING * * *
You take 12 damage, and have 9/52 hp.
MASSIVE DAMAGE!!
You now have 14/17 mp.
Casting: Stone Arrow (safe; 1% risk of failure)
Confirm with . or Enter, or press ? or * to list all spells.
Aiming: Stone Arrow (safe; 1% risk of failure)
Press: ? - help, Shift-Dir - straight line, f/p - centaur
Aim: a centaur, wielding a +0 orcbow (almost dead, 84% to hit)
The stone arrow misses the centaur.
The centaur shoots an arrow.
The arrow hits you!
* * * LOW HITPOINT WARNING * * *
The centaur shoots an arrow.
The arrow closely misses you.
You take 6 damage, and have 3/52 hp.
You now have 11/17 mp.
Casting: Stone Arrow (safe; 1% risk of failure)
Confirm with . or Enter, or press ? or * to list all spells.
Aiming: Stone Arrow (safe; 1% risk of failure)
Press: ? - help, Shift-Dir - straight line, f/p - centaur
Aim: a centaur, wielding a +0 orcbow (almost dead, 84% to hit)
The stone arrow misses the centaur.
The centaur shoots an arrow.
The arrow hits you!
You die...

#.......>..........
...................
...................
...................
..................
........<../.#
...........###
............##...
........@........#
.#..........#..###
#....!.....#.##
##........#..#
##+###c....##
#.....# #......
+....#.. #...##...


You could see a centaur.

Vanquished Creatures
  Menkaure (D:6)
  A water moccasin (D:6)
  2 black bears (D:6)
  An ogre (D:6)
  A centaur (D:6)
  A phantom (D:6)
  A bullfrog (D:6)
  2 scorpions (D:5)
  2 howler monkeys
  2 bombardier beetles
  A jelly (D:5)
  A hound (D:6)
  2 orc priests (D:6)
  An iguana (D:5)
  Terence (D:3)
  An orc wizard (D:5)
  5 adders
  A gnoll (D:5)
  A shadow imp (D:6)
  3 dart slugs
  3 ribbon worms (D:2)
  6 orcs
  10 ball pythons
  3 bats
  5 endoplasms
  3 giant cockroaches
  4 goblins
  6 hobgoblins
  7 jackals
  6 kobolds
  2 quokkas (D:2)
  3 frilled lizards
  9 rats
98 creatures vanquished.

Notes
Turn   | Place    | Note
-------+----------+-------------------------------------------
     0 | D:1      | gimp the Barachi Earth Elementalist began the quest for the
                  | Orb.
     0 | D:1      | Reached XP level 1. HP: 13/13 MP: 3/3
   158 | D:1      | Reached XP level 2. HP: 19/19 MP: 0/5
   311 | D:1      | Reached skill level 2 in Conjurations
   415 | D:1      | Reached XP level 3. HP: 22/24 MP: 1/6
  1213 | D:2      | Reached skill level 3 in Conjurations
  1213 | D:2      | Reached XP level 4. HP: 30/30 MP: 4/8
  1780 | D:2      | Found Horph's Weapon Emporium.
  1909 | D:3      | Found a shimmering altar of Xom.
  2085 | D:3      | Learned a level 3 spell: Stone Arrow
  2089 | D:3      | Learned a level 3 spell: Mephitic Cloud
  2116 | D:3      | Found a radiant altar of Vehumet.
  2123 | D:3      | Noticed Terence
  2128 | D:3      | Killed Terence
  2170 | D:3      | Became a worshipper of Vehumet
  2172 | D:3      | Found a sacrificial altar of Ru.
  2578 | D:3      | Reached XP level 5. HP: 35/35 MP: 5/9
  3534 | D:4      | Reached skill level 4 in Conjurations
  3534 | D:4      | Reached XP level 6. HP: 37/41 MP: 0/11
  3625 | D:4      | Found a hazy altar of Hepliaklqana.
  3657 | D:4      | Found an ancient bone altar of Kikubaaqudgha.
  3730 | D:5      | Entered Level 5 of the Dungeon
  4067 | D:5      | Found Zuevifett's Armour Shop.
  4193 | D:5      | Reached skill level 5 in Conjurations
  4193 | D:5      | Reached XP level 7. HP: 46/46 MP: 9/13
  4320 | D:6      | Reached skill level 5 in Earth Magic
  4418 | D:6      | Reached skill level 6 in Conjurations
  4614 | D:6      | Reached skill level 5 in Spellcasting
  4783 | D:6      | Reached XP level 8. HP: 47/52 MP: 1/15
  4927 | D:6      | Reached skill level 7 in Conjurations
  5235 | D:6      | Reached skill level 8 in Conjurations
  5384 | D:6      | Noticed Menkaure
  5390 | D:6      | Killed Menkaure
  5590 | D:7      | Shot with an arrow by a centaur

Illustrated notes

Levels and vault maps discovered:
D:1:      psy_arrival_dodecagon, layout_basic
D:2:      layout_basic, serial_shops, nicolae_lakefront_shop
D:3:      layout_basic, general_overflow_altar,
          mainiacjoe_overflow_large_starburst, moated_statue,
          nicolae_figureground_sparkle, uniq_terence
D:4:      layout_loops_ring, mainiacjoe_overflow_two_lobes
D:5:      layout_cave_pools, kennysheep_mini, serial_shops, shop
D:6:      layout_basic, uniq_menkaure
D:7:      layout_cave_pools, nicolae_qazlal_scattered_showers,
          mainiacjoe_overflow_six_doors_small,
          mainiacjoe_overflow_concentric_impassable, minmay_temple_entry_hall

Skill      XL: |  1  2  3  4  5  6  7  8 |
---------------+-------------------------+-----
Conjurations   | 2 3 4 5 6 8 |  8.3
Spellcasting   | 3 4 5 6 |  6.0
Earth Magic    | 4 5 |  5.0
Dodging        | |  2.1
Stealth        | |  1.7

Action                     |  1- 3 |  4- 6 |  7- 9 || total
---------------------------+-------+-------+-------++-------
  Melee: Dagger            |    13 |    26 |       ||    39
         Staff             |       |       |    10 ||    10
   Cast: Sandblast         |    58 |    34 |     1 ||    93
         Stone Arrow       |       |    29 |    43 ||    72
Ability: Hop               |     1 |     1 |     1 ||     3
  Evoke: Wand              |       |     3 |       ||     3
    Use: Potion            |       |       |     1 ||     1
 Armour: Robe              |    29 |    39 |    39 ||   107
  Dodge: Dodged            |    31 |    38 |    18 ||    87

Table legend: (Time is in decaauts)
 A = Elapsed time spent in this place.
 B = Non-inter-level travel time spent in this place.
 C = Inter-level travel time spent in this place.
 D = Time resting spent in this place.
 E = Time spent auto-exploring this place.
 F = Levels seen in this place.
 G = Mean time per level.
                   A        B        C        D        E       F      G
               +--------+--------+--------+--------+--------+-----+--------+
         Total |   6231 |   6092 |    139 |     75 |   5240 |   7 |  890.1 |
       Dungeon |   6231 |   6092 |    139 |     75 |   5240 |   7 |  890.1 |
               +--------+--------+--------+--------+--------+-----+--------+

Top non-repeatable levels by time:
     D:6: 1445 daAuts
     D:2: 1145 daAuts
     D:3: 1137 daAuts
     D:4: 1120 daAuts
     D:1: 904 daAuts
     D:5: 470 daAuts
     D:7: 7 daAuts
